[ AOE2 MATCH · #508124512 ]
UnrankedWu vs Celts
Player's team · LOSS
Rival team · WIN
[ REPLAY ANALYSIS · EXTRACTED FROM THE RECORDED GAME ]
Feudal
9:53
Castle
—
Imperial
—
| APM avg | 39.6 |
| APM peak | 58 |
| eAPM avg | 23.4 |
| Villagers / military | 24 / 7 |
Focus
⚔️ 45.5% · 🌾 54.5%
Archer ×4 · Militia ×3
Feudal
8:54
Castle
—
Imperial
—
| APM avg | 77.0 |
| APM peak | 108 |
| eAPM avg | 24.1 |
| Villagers / military | 27 / 7 |
Focus
⚔️ 26.0% · 🌾 74.0%
Archer ×4 · Militia ×3
Match map
Initial resources + every placement click. Lines = walls · curves = elevation contours. ◆ gold · ⬟ stone · ● berries · ✦ relic · ◌ wall gap
Your base· Open — unwalled flank
joh_gar's base· Open — unwalled flank
Smoothed initial terrain · ◌ = detected wall gap · hover for details
Inputs per minute
— [CL]iLoveWeed - - joh_gar
Build order — [CL]iLoveWeed
49 actions detected in the replay
| 0:01 | Queue | Villager (Male) ×4 |
| 0:02 | Build | House |
| 0:04 | Build | House |
| 1:27 | Queue | Villager (Male) |
| 2:20 | Queue | Villager (Male) |
| 2:20 | Queue | Villager (Male) |
| 2:31 | Build | Lumber Camp |
| 2:40 | Queue | Villager (Male) |
| 3:10 | Queue | Villager (Male) |
| 3:32 | Build | House |
| 3:33 | Build | Palisade Wall |
| 3:45 | Queue | Villager (Male) |
| 3:45 | Queue | Villager (Male) |
| 3:45 | Queue | Villager (Male) |
| 4:34 | Queue | Villager (Male) ×2 |
| 5:01 | Build | Barracks |
| 5:13 | Queue | Villager (Male) |
| 5:25 | Build | House |
| 5:53 | Queue | Villager (Male) |
| 6:07 | Queue | Militia |
| 6:08 | Queue | Militia |
| 6:08 | Queue | Militia |
| 7:00 | Research | Loom |
| 7:43 | Research | Feudal Age |
| 8:45 | Build | Mining Camp |
| 8:48 | Build | Palisade Wall |
| 8:51 | Build | Palisade Wall |
| 9:13 | Queue | Villager (Male) |
| 9:28 | Build | Palisade Wall |
| 9:35 | Queue | Villager (Male) |
| 9:39 | Build | Mill |
| 9:53 | Age | Feudal Age |
| 9:55 | Build | Archery Range |
| 10:00 | Build | Mill |
| 10:01 | Build | Palisade Wall |
| 10:11 | Build | Palisade Wall |
| 10:14 | Build | Palisade Wall |
| 10:23 | Build | Palisade Wall |
| 10:49 | Queue | Archer |
| 10:50 | Queue | Archer |
| 10:54 | Build | Lumber Camp |
| 11:02 | Queue | Villager (Male) |
| 11:03 | Queue | Villager (Male) |
| 11:03 | Queue | Villager (Male) |
| 11:10 | Queue | Villager (Male) |
| 11:17 | Queue | Archer |
| 11:42 | Queue | Archer |
| 12:00 | Queue | Villager (Male) |
| 12:11 | Queue | Villager (Male) |
Build order — joh_gar
61 actions detected in the replay
| 0:01 | Queue | Villager (Male) |
| 0:01 | Queue | Villager (Male) |
| 0:01 | Queue | Villager (Male) |
| 0:02 | Queue | Villager (Male) |
| 0:02 | Build | House |
| 0:04 | Build | House |
| 1:34 | Queue | Villager (Male) |
| 1:34 | Queue | Villager (Male) |
| 1:59 | Queue | Villager (Male) |
| 2:04 | Build | Lumber Camp |
| 2:17 | Queue | Villager (Male) |
| 2:17 | Queue | Villager (Male) |
| 2:48 | Queue | Villager (Male) |
| 2:49 | Queue | Villager (Male) |
| 3:14 | Queue | Villager (Male) |
| 3:28 | Build | House |
| 3:29 | Build | House |
| 3:44 | Queue | Villager (Male) |
| 4:04 | Queue | Villager (Male) |
| 4:30 | Queue | Villager (Male) |
| 4:45 | Build | Mill |
| 4:58 | Queue | Villager (Male) |
| 5:19 | Queue | Villager (Male) |
| 5:36 | Queue | Villager (Male) |
| 5:36 | Research | Loom |
| 6:44 | Research | Feudal Age |
| 6:44 | Research | Feudal Age |
| 6:52 | Build | Barracks |
| 7:47 | Queue | Militia |
| 7:47 | Queue | Militia |
| 7:55 | Build | Mining Camp |
| 8:19 | Queue | Militia |
| 8:23 | Queue | Villager (Male) |
| 8:54 | Age | Feudal Age |
| 8:57 | Research | Man-at-Arms (upgrade) |
| 9:19 | Queue | Villager (Male) |
| 9:22 | Build | House |
| 9:24 | Build | House |
| 9:41 | Build | Archery Range |
| 9:43 | Queue | Villager (Male) |
| 9:44 | Queue | Villager (Male) |
| 10:04 | Queue | Villager (Male) |
| 10:37 | Queue | Villager (Male) |
| 10:37 | Queue | Villager (Male) |
| 10:54 | Queue | Archer |
| 10:59 | Build | House |
| 11:05 | Build | Farm |
| 11:06 | Build | Farm |
| 11:13 | Build | Farm |
| 11:15 | Queue | Archer |
| 11:16 | Queue | Villager (Male) |
| 11:27 | Build | Farm |
| 11:32 | Build | Palisade Gate |
| 11:34 | Build | House |
| 11:39 | Queue | Villager (Male) |
| 11:45 | Build | Farm |
| 11:48 | Queue | Archer |
| 12:00 | Build | Palisade Wall |
| 12:00 | Build | Palisade Wall |
| 12:07 | Queue | Archer |
| 12:14 | Build | Farm |
Match timeline
| 3:33 | [CL]iLoveWeed · wall_segment Palisade Wall x1 |
| 5:01 | [CL]iLoveWeed · first_building Barracks |
| 6:52 | joh_gar · first_building Barracks |
| 8:48 | [CL]iLoveWeed · wall_segment Palisade Wall x1 |
| 8:51 | [CL]iLoveWeed · wall_segment Palisade Wall x1 |
| 8:54 | joh_gar · age_up feudal |
| 9:28 | [CL]iLoveWeed · wall_segment Palisade Wall x4 |
| 9:41 | joh_gar · first_building Archery Range |
| 9:53 | [CL]iLoveWeed · age_up feudal |
| 9:55 | [CL]iLoveWeed · first_building Archery Range |
| 10:01 | [CL]iLoveWeed · wall_segment Palisade Wall x1 |
| 10:11 | [CL]iLoveWeed · wall_segment Palisade Wall x3 |
| 10:14 | [CL]iLoveWeed · wall_segment Palisade Wall x2 |
| 10:23 | [CL]iLoveWeed · wall_segment Palisade Wall x1 |
| 12:00 | joh_gar · wall_segment Palisade Wall x4 |
| 12:00 | joh_gar · wall_segment Palisade Wall x12 |
| 12:22 | [CL]iLoveWeed · resign |
[ AI ANALYSIS · 1 CREDIT ]
What really happened in this match?
Wolo.gg analyzes every decision: build order, eco, micro, common mistakes by bracket. Personalized analysis on WhatsApp or Discord in 30 seconds.
Civ guide
Wu
Perfil
Jugador #17130275